[Event "1st FIDE Olympiad DIS 2023"]
[Site "Belgrade"]
[Date "2023.02.02"]
[Round "4.22"]
[White "Moldovanovic, Dragan"]
[Black "Deniz, Ugur"]
[Result "0-1"]
[ECO "E91"]
[WhiteElo "2019"]
[BlackElo "1946"]
[Annotator "TA"]
[PlyCount "62"]
[EventDate "2023.01.30"]
[EventType "team-tourn"]
[EventCountry "SRB"]
[SourceTitle "playchess.com"]
[Source "ChessBase"]
[SourceQuality "1"]
[WhiteTeam "Serbia"]
[BlackTeam "Turkey"]
[WhiteTeamCountry "SRB"]
[BlackTeamCountry "TUR"]
[TimeControl "40/5400+30:1800+30"]

1. d4 Nf6 2. c4 g6 3. Nc3 Bg7 4. e4 d6 5. Nf3 O-O 6. Be2 Bg4 7. O-O Nfd7 8. h3 Bxf3 9. Bxf3 Nc6 10. Be3 e5 11. d5 Nd4 12. b4 {[%emt 0:06:37] E91: King's Indian: Classical: 6 Be2, unusual replies including 6...c5 and 6...Bg4.} (12. Be2 $11) 12... a5 $15 {[%emt 0:17:42] [#]} 13. Rb1 $146 ({Predecessor:} 13. b5 b6 14. Be2 Nc5 15. f3 f5 16. Qd2 Qe7 17. Bd3 Rf7 18. Rae1 f4 19. Bf2 Bf6 {0-1 Toth,J (1851)-Dostan,J (2194) Eger Osz op 2008 (1)}) 13... axb4 14. Rxb4 {[%emt 0:01:58] Black is slightly better.} Nc5 15. Bc1 (15. a4 $142) 15... f5 $17 {[%emt 0:02:53] Black is more active.} 16. exf5 gxf5 {[%emt 0:01:52] And now ...e4 would win.} 17. Be3 {[%emt 0:01:36] [#]} (17. Bh5 $17 {was necessary.}) 17... Nxf3+ $1 $19 {[%emt 0:05:19][%mdl 64] Remove Defender} 18. Qxf3 {[%emt 0:00:33] [#]} e4 $1 {[%emt 0:00:17][%mdl 64] Discovered Attack} 19. Qg3 {[%emt 0:01:29] [#]} f4 $1 {[%emt 0:00:16][%mdl 576] Decoy} 20. Bxf4 {[%emt 0:00:27] [#]} Rxf4 21. Qxf4 Nd3 22. Qg4 {[%emt 0:00:43] Strongly threatening Rbb1.} Nxb4 23. Nxe4 Qe7 ({Stronger than} 23... Rxa2 24. Qe6+ Kh8 25. Ng5 Qxg5 26. Qe8+ $11) 24. Ng5 h6 ({Black should try} 24... Nd3 $19 25. Qf5 Bh8) 25. Ne6 $17 Nd3 ({Reject} 25... Rxa2 $6 26. Rb1 Na6 27. Rxb7 $14) 26. f4 ({White has to play} 26. Qe4 $1 $15 Ra3 27. Rd1) 26... Nc5 27. f5 {[%emt 0:01:04] Black must now prevent f6.} Qf6 (27... Rxa2 $2 28. f6 Qf7 29. fxg7 $18) 28. Qh5 $2 {[%emt 0:08:26] This costs White the game.} (28. Qe2 $17) 28... Rxa2 $19 29. Rf3 $2 (29. Qg4) 29... Ne4 $2 (29... Nxe6 30. Rf1 Qd4+ 31. Kh1 Qxc4) 30. Rf4 $2 (30. Qe8+ Kh7 31. Rf4) 30... Ra1+ ({Weaker is} 30... Ng3 31. Qe8+ Kh7 32. Qg6+ Qxg6 33. fxg6+ Kg8 34. Rf7 Ne2+ 35. Kf1 Ng3+ 36. Kg1 Ne2+ 37. Kf1 Ng3+ 38. Kg1 $11) 31. Kh2 {[%emt 0:00:53] [#]} Rh1+ $3 {[%emt 0:00:00][%mdl 576] Decoy. Artfully played by Deniz.   Weighted Error Value: White=1.06/Black=0.37} 0-1

[Event "1st FIDE Olympiad DIS 2023"]
[Site "Belgrade"]
[Date "2023.02.02"]
[Round "4.23"]
[White "Donmez, Unal"]
[Black "Johansen, Torbjorn Reidar"]
[Result "1-0"]
[ECO "B54"]
[WhiteElo "1816"]
[BlackElo "1764"]
[Annotator "NA RC COMBH"]
[PlyCount "49"]
[EventDate "2023.01.30"]
[EventType "team-tourn"]
[EventCountry "SRB"]
[SourceTitle "playchess.com"]
[Source "ChessBase"]
[SourceQuality "1"]
[WhiteTeam "Turkey"]
[BlackTeam "Norway"]
[WhiteTeamCountry "TUR"]
[BlackTeamCountry "NOR"]
[TimeControl "40/5400+30:1800+30"]

1. e4 c5 2. Nf3 Nc6 3. d4 cxd4 4. Nxd4 d6 5. c4 Nf6 6. Nc3 e6 7. Be2 Be7 8. O-O O-O 9. Be3 a6 10. Qd2 Qc7 11. Rac1 Rd8 12. f3 d5 13. Nxc6 bxc6 14. cxd5 exd5 15. exd5 ({White should try} 15. Nxd5 $16 Nxd5 16. exd5) 15... Nxd5 $2 (15... Be6 $11 {and Black stays safe.}) 16. Nxd5 Rxd5 17. Qxd5 cxd5 18. Rxc7 Bf6 19. Rfc1 Be6 20. b4 h6 21. Kf1 Rb8 22. Bd3 $18 d4 23. Bf4 g5 24. Bd6 Kg7 25. Rxf7+ 1-0

[Event "1st FIDE Olympiad DIS 2023"]
[Site "Belgrade"]
[Date "2023.02.02"]
[Round "4.24"]
[White "Gomez Fernandez, Alfredo"]
[Black "Saltik, Suleyman"]
[Result "0-1"]
[ECO "C90"]
[WhiteElo "1760"]
[BlackElo "1687"]
[Annotator "NA RC COMBH"]
[PlyCount "134"]
[EventDate "2023.01.30"]
[EventType "team-tourn"]
[EventCountry "SRB"]
[SourceTitle "playchess.com"]
[Source "ChessBase"]
[SourceQuality "1"]
[WhiteTeam "Spain"]
[BlackTeam "Turkey"]
[WhiteTeamCountry "ESP"]
[BlackTeamCountry "TUR"]
[TimeControl "40/5400+30:1800+30"]

1. e4 e5 2. Nf3 Nc6 3. Bb5 a6 4. Ba4 Nf6 5. O-O b5 6. Bb3 d6 7. Re1 Bg4 8. c3 Be7 9. d3 Na5 10. Bc2 c5 11. Nbd2 O-O 12. Nf1 Nc6 13. Ne3 Be6 14. Ng5 Bd7 15. Nf3 Qc7 16. Bb3 Na5 17. Nd5 Nxd5 18. Bxd5 Rab8 19. Be3 b4 20. Bg5 Bg4 21. Bd2 Nc6 22. h3 Bh5 23. g4 Bg6 24. Rc1 bxc3 25. bxc3 Rb6 26. d4 Rfb8 27. h4 h5 28. g5 a5 29. a3 Na7 30. a4 Rb2 31. Rc2 Qd7 32. Rxb2 Rxb2 33. Kf1 Qh3+ 34. Kg1 cxd4 35. cxd4 Qg4+ 36. Kf1 Rxd2 37. Qxd2 Qxf3 38. Qxa5 Qd3+ 39. Kg2 Qxd4 40. Qc7 Bf8 41. a5 Nb5 42. Qc4 Qd2 43. Re2 Qxa5 44. Ra2 Qb6 45. Rb2 Qd4 46. Qxb5 Bxe4+ 47. Bxe4 Qxe4+ 48. f3 Qxh4 49. Qe8 Qxg5+ 50. Kf2 Qe7 51. Qc8 Kh7 52. Rb7 Qh4+ 53. Kg2 Qg5+ 54. Kf1 Be7 55. Qc7 Bf6 56. Qxf7 Qc1+ 57. Kg2 Qc2+ 58. Kf1 Qd3+ 59. Kf2 Qf5 60. Ke2 h4 61. Rb8 h3 62. Qg8+ Kg6 63. Qe8+ Kg5 64. Qh8 Qc2+ 65. Ke3 d5 66. f4+ exf4+ 67. Kf3 Qg2# 0-1

[Event "1st FIDE Olympiad DIS 2023"]
[Site "Belgrade"]
[Date "2023.02.02"]
[Round "4.25"]
[White "Bursuc, Mihai"]
[Black "Nikac, Predrag"]
[Result "0-1"]
[ECO "B31"]
[WhiteElo "1823"]
[BlackElo "2285"]
[Annotator "TA"]
[PlyCount "66"]
[EventDate "2023.01.30"]
[EventType "team-tourn"]
[EventCountry "SRB"]
[SourceTitle "playchess.com"]
[Source "ChessBase"]
[SourceQuality "1"]
[WhiteTeam "Romania"]
[BlackTeam "Montenegro"]
[WhiteTeamCountry "ROU"]
[BlackTeamCountry "MNE"]
[TimeControl "40/5400+30:1800+30"]

1. e4 c5 2. Nf3 Nc6 3. Bb5 g6 4. Bxc6 bxc6 5. O-O Bg7 6. d3 d6 7. h3 e5 {[%emt 0:04:26] B31: Sicilian: 2...Nc6 3 Bb5 g6.} 8. c3 Ne7 9. d4 cxd4 {[%emt 0:04:05] The position is equal.} 10. cxd4 exd4 11. Nxd4 {[%emt 0:00:38] [#]} d5 $146 ({Predecessor:} 11... O-O 12. Nc3 h6 13. Be3 Kh7 14. Qd2 Rb8 15. b3 c5 16. Nde2 Ba6 17. Rac1 f5 {1-0 Tomashevsky,E (2716)-Li,C (2720) Wch Blitz Doha 2016 (18)}) 12. exd5 Qxd5 13. Ne2 O-O 14. Nbc3 Qa5 15. Bd2 Rd8 16. Qc1 Nf5 17. Ne4 Qe5 (17... Qd5 $1 $15 18. f3 Ba6) 18. N4c3 Ba6 {[%emt 0:04:16] A strong pair of Bishops.} 19. Re1 Rd7 (19... Qc5 {keeps more tension.} 20. Bf4 Bd3 21. Qd2 Bb5) 20. Bf4 (20. Ng3 $5 Qc5 21. Nxf5 Qxf5 22. Nd1 $11) 20... Qa5 21. Rd1 (21. Ng3 $11) 21... Rad8 {[%emt 0:00:01][%cal Ba8d8,Bd8d7,Bd7e7,Be7e1][%mdl 32] [#] aiming for ...Rxd1+.} 22. Rxd7 Rxd7 23. Ng3 $1 Nxg3 24. Bxg3 Qb4 25. Qe3 {[%emt 0:05:14] Hoping for Qe8+.} Re7 {[%emt 0:01:21] Inhibits Qe8+.} (25... Qxb2 $2 26. Rb1 Bxc3 27. Rxb2 Rd1+ 28. Kh2 Bxb2 29. Qe8+ Kg7 30. Qxc6 $18) (25... Qe7 {simplifies} 26. Qxe7 Rxe7 27. Rd1 f5) 26. Qd2 {[%emt 0:00:27] And now Qd8+ would win.} Qd4 {[%emt 0:05:14] Prevents Qd8+} 27. Qxd4 Bxd4 28. Rd1 c5 29. Rd2 f5 30. Nd5 Re1+ 31. Kh2 Bc4 ({Black should try} 31... Re2 $15 32. Rxe2 Bxe2) 32. Nc3 {[%emt 0:00:34] [#]} (32. Ne3 $1 $11 {remains equal.} Bxe3 33. fxe3 Rxe3 34. Bf2) 32... g5 $1 $17 {[%emt 0:00:44] ...f4 is the strong threat. Black has more active pieces.} 33. f4 $2 (33. Bd6 $17 {keeps fighting.}) 33... Rf1 {[%emt 0:00:41] Weighted Error Value: White=0.29 (precise) /Black=0.14 (very precise)} 0-1

[Event "1st FIDE Olympiad DIS 2023"]
[Site "Belgrade"]
[Date "2023.02.02"]
[Round "4.26"]
[White "Ivanovic, Milan"]
[Black "Pribeanu, Mihail-Dacian"]
[Result "1/2-1/2"]
[ECO "B18"]
[WhiteElo "1908"]
[BlackElo "2134"]
[Annotator "TA"]
[PlyCount "34"]
[EventDate "2023.01.30"]
[EventType "team-tourn"]
[EventCountry "SRB"]
[SourceTitle "playchess.com"]
[Source "ChessBase"]
[SourceQuality "1"]
[WhiteTeam "Montenegro"]
[BlackTeam "Romania"]
[WhiteTeamCountry "MNE"]
[BlackTeamCountry "ROU"]
[TimeControl "40/5400+30:1800+30"]

1. e4 c6 2. d4 d5 3. Nc3 dxe4 4. Nxe4 Bf5 5. Ng3 Bg6 6. Nf3 Nd7 7. Bd3 e6 8. O-O Ngf6 9. Re1 Be7 10. c3 c5 {[%emt 0:02:34] B18: Classical Caro-Kann: 4...Bf5 sidelines.} 11. Bxg6 hxg6 {[%emt 0:03:04] [#]} 12. Qb3 $146 ({Predecessor:} 12. Qd3 cxd4 13. Nxd4 Nc5 14. Qe2 O-O 15. Bg5 Qb6 16. Rad1 Rad8 17. h4 Rd5 18. Bxf6 Bxf6 {0-1 Alexakis,D (2194)-Nikolaidis,I (2512) Glyfada op 2nd 2000 (4)}) 12... Qc7 {[%emt 0:01:36] The position is equal.} 13. Ne5 Nxe5 14. dxe5 Nd7 15. f4 c4 16. Qa4 $1 ({Much weaker is} 16. Qb5 a6 17. Qa4 O-O-O $17) 16... O-O-O {[%emt 0:04:39] White must now prevent ...Bc5+.} 17. Be3 Bc5 {[%emt 0:11:33] Weighted Error Value: White=0.12 (very precise) /Black=0.05 (flawless)} 1/2-1/2

[Event "1st FIDE Olympiad DIS 2023"]
[Site "Belgrade"]
[Date "2023.02.02"]
[Round "4.27"]
[White "Morariu, Ionel"]
[Black "Damjanovic, Radovan"]
[Result "1-0"]
[ECO "B90"]
[WhiteElo "1915"]
[BlackElo "1807"]
[Annotator "TA"]
[PlyCount "45"]
[EventDate "2023.01.30"]
[EventType "team-tourn"]
[EventCountry "SRB"]
[SourceTitle "playchess.com"]
[Source "ChessBase"]
[SourceQuality "1"]
[WhiteTeam "Romania"]
[BlackTeam "Montenegro"]
[WhiteTeamCountry "ROU"]
[BlackTeamCountry "MNE"]
[TimeControl "40/5400+30:1800+30"]

1. e4 c5 2. Nf3 d6 3. d4 cxd4 4. Nxd4 Nf6 5. Be2 a6 6. Nc3 Nc6 7. Be3 e5 8. Nb3 Be6 {[%emt 0:00:00] B90: Sicilian Najdorf: Unusual White 6th moves, 6 Be3 Ng4 and 6 Be3 e5.} 9. O-O Be7 10. Nd5 $1 Bxd5 {[%emt 0:06:44] White is slightly better.} ({Don't do} 10... Nxe4 11. Bb6 Qc8 12. Nc7+ Kf8 13. Nxa8 Qxa8 14. f4 $16) 11. exd5 Nb8 12. f4 Nbd7 13. c4 {[%emt 0:04:27] [#]} Qc7 $146 (13... exf4 $11 14. Bxf4 (14. Rxf4 O-O $14) 14... O-O) ({Predecessor:} 13... b6 14. fxe5 Nxe5 15. Nd4 O-O 16. Nf5 Re8 17. Nxe7+ Qxe7 18. Bg5 Ned7 19. Bd3 h6 {1-0 Yogesh,G (2092)-Tan,W (1849) Penang op-A 5th 2013 (7)}) 14. Nd2 O-O 15. Rc1 Rfe8 16. fxe5 Nxe5 17. Bd4 Nfd7 18. Ne4 Nf6 19. Ng3 Rac8 20. Nf5 Bf8 21. Qd2 Qd8 22. Qg5 {White has more active pieces.} ({Better is} 22. b4 $16) 22... Ne4 $2 {[%emt 0:19:27] [#]} (22... Nfd7 $11 23. Qd2 g6) 23. Nh6+ {[%emt 0:01:11] Weighted Error Value: White=0.10 (very precise) /Black=0.35} 1-0

[Event "1st FIDE Olympiad DIS 2023"]
[Site "Belgrade"]
[Date "2023.02.02"]
[Round "4.28"]
[White "Lacmanovic, Radenko"]
[Black "Dima, Mihai"]
[Result "0-1"]
[ECO "B33"]
[WhiteElo "1349"]
[BlackElo "1948"]
[Annotator "TA"]
[PlyCount "44"]
[EventDate "2023.01.30"]
[EventType "team-tourn"]
[EventCountry "SRB"]
[SourceTitle "playchess.com"]
[Source "ChessBase"]
[SourceQuality "1"]
[WhiteTeam "Montenegro"]
[BlackTeam "Romania"]
[WhiteTeamCountry "MNE"]
[BlackTeamCountry "ROU"]
[TimeControl "40/5400+30:1800+30"]

1. e4 c5 2. Nf3 Nc6 3. d4 cxd4 4. Nxd4 Nf6 5. Nc3 e5 6. Nf3 Bb4 7. Bd2 Bxc3 8. Bxc3 Nxe4 9. Bxe5 $2 {[%emt 0:00:00] [#]} ({Better is} 9. Nxe5 $15 Nxc3 10. Nxc6) 9... Nxe5 $19 {[%emt 0:00:16] B33: Sicilian: Pelikan and Sveshnikov Variations.} ({Stronger than} 9... Qb6 10. Qe2 (10. Bxg7 $2 Qxf2#) 10... d5 11. Bxg7 $11) 10. Nxe5 Qa5+ 11. c3 Qxe5 {[%emt 0:00:22] Black is winning.} 12. Qe2 Qe6 13. g3 {[%emt 0:07:55] [#]} d5 $146 ({Predecessor:} 13... Nf6 14. Rd1 Qxe2+ 15. Bxe2 d5 16. Bf3 Be6 17. a3 O-O 18. O-O h6 19. Rd4 Rfd8 20. Rfd1 Rd7 {0-1 Nunes,M (1551)-Xavier,M (1789) BRA-ch U14 Juiz de Fora 2021 (2)}) 14. Bg2 Nf6 15. Qxe6+ Bxe6 (15... fxe6 $2 {too greedy.} 16. O-O-O $19) 16. O-O O-O 17. Rfe1 Rad8 18. Rad1 Bg4 19. Rd4 Rfe8 20. Rxe8+ Rxe8 21. Bxd5 Nxd5 22. Rxd5 {[#]} (22. Rxg4 f5 23. Rd4 Re1+ 24. Kg2) 22... Bf3 {[%emt 0:00:52] Weighted Error Value: White=0.73/Black=0.09 (flawless)} 0-1

[Event "1st FIDE Olympiad DIS 2023"]
[Site "Belgrade"]
[Date "2023.02.02"]
[Round "4.29"]
[White "Jimenez Moron, Elias"]
[Black "Miheso, Clement Chomu"]
[Result "1-0"]
[ECO "B22"]
[WhiteElo "1967"]
[BlackElo "1615"]
[Annotator "TA"]
[PlyCount "115"]
[EventDate "2023.01.30"]
[EventType "team-tourn"]
[EventCountry "SRB"]
[SourceTitle "playchess.com"]
[Source "ChessBase"]
[SourceQuality "1"]
[WhiteTeam "Panama"]
[BlackTeam "Kenya"]
[WhiteTeamCountry "PAN"]
[BlackTeamCountry "KEN"]
[TimeControl "40/5400+30:1800+30"]

1. d4 e6 2. e4 c5 3. c3 cxd4 4. cxd4 Nc6 5. Nf3 Nf6 6. Bd3 {[%emt 0:07:23] B22: Sicilian: 2 c3.} Qb6 7. Bc2 (7. Nc3 $14) 7... Be7 (7... Nb4 $11) 8. O-O {[%emt 0:00:12] White is better.} O-O 9. Nc3 {[%emt 0:00:13] [#]} d6 $146 ({Predecessor:} 9... Nb4 10. Bb3 d6 11. e5 dxe5 12. dxe5 Rd8 13. Qe2 Nfd5 14. a3 Nxc3 15. bxc3 Nd3 {0-1 Sielicki,M-Wyszomirski,K (1690) Warsaw op-B 01 2009 (10)}) 10. a3 e5 11. Na4 Qc7 12. d5 Nd8 (12... Na5 $11) 13. h3 b6 14. Bg5 Bd7 15. Nc3 (15. Bd3 $16) 15... Nb7 16. Rc1 h6 17. Bxf6 Bxf6 18. Bb1 Qd8 19. Re1 Rc8 20. Bd3 Bg5 21. Rb1 Nc5 22. Bf1 (22. Bb5 $14) 22... f5 $11 23. Ra1 (23. Bb5 $11) 23... fxe4 (23... Nxe4 $1 $17 24. Nxe4 fxe4 25. Rxe4 Qf6) 24. Nxe4 (24. Nxg5 $1 $11 {keeps the balance.} Qxg5 25. b4 Bxh3 26. bxc5 Rxf2 27. Ra2 (27. Kxf2 $2 {too greedy.} Rf8+ $19) 27... Rxa2 28. Nxa2 Rxc5 29. Rxe4) 24... Nxe4 $17 25. Rxe4 Bf5 (25... Qf6 {keeps more tension.} 26. Re2 Bxh3 27. Nxe5 Bh4) 26. Rc4 Qf6 27. Nxg5 Rxc4 ({But not} 27... Qxg5 $6 28. h4 Qf6 29. Rac1 $11) (27... hxg5 $6 28. Qd2 $11) 28. Bxc4 {[%emt 0:00:25] aiming for Ne6.} Qxg5 29. Qc1 Qg6 (29... Bxh3 $2 30. Qxg5 hxg5 31. gxh3 $18) 30. Qe3 Be4 31. Qg3 ({White should try} 31. g3) 31... Qf7 (31... Qxg3 $17 32. fxg3 Rc8) 32. Rd1 $11 Qc7 33. b3 Qc5 34. a4 Bh7 (34... Rf6 {feels hotter.} 35. Qh4 Rf4 36. Qg3 Rf8) 35. Qe3 Qc7 (35... Qxe3 $15 36. fxe3 Rc8) 36. Bd3 Bxd3 37. Rxd3 {[%emt 0:00:21][%mdl 4096] Endgame KQR-KQR} Qc2 {[%emt 0:01:36][%cal Of8f2] Strongly threatening ...Rxf2!} 38. Rd2 Qc1+ 39. Kh2 Rc8 40. Rd3 Qb2 41. Rd2 Rc2 42. Rxc2 Qxc2 {[%emt 0:00:04] KQ-KQ} 43. f4 $2 ({White should play} 43. Qf3 $11) 43... e4 $2 (43... Qf5 $1 $17 44. fxe5 dxe5) 44. Kg3 Kf7 45. a5 Kf6 46. axb6 axb6 47. Qd4+ Kf5 {[%emt 0:07:20] ...Qc1 would be deadly.} 48. Qxb6 Qd3+ 49. Kf2 $2 (49. Kh2 $1 $15 Qxd5 50. Qe3) 49... Qxd5 $2 (49... Kxf4 $2 50. Qxd6+ Kg5 51. Qg3+ Kf6 52. Qxd3 exd3 53. Ke3 $18) ({Better is} 49... Qd2+ $19 50. Kg1 Qc1+ 51. Kh2 Qxf4+ 52. Kg1 Qc1+ 53. Kh2 Ke5) 50. Qe3 Qc6 51. g4+ Kf6 52. Qd4+ Kf7 $2 (52... Kg6 $11) 53. Qc4+ {[%emt 0:00:00] White mates.} Qxc4 54. bxc4 Ke6 55. Ke3 d5 56. cxd5+ Kxd5 {[%emt 0:00:04] [#]} 57. h4 $1 g6 {[%emt 0:00:00] [#]} 58. h5 $1 {[%emt 0:00:00] Weighted Error Value: White=0.28 (precise) /Black=0.40} 1-0

[Event "1st FIDE Olympiad DIS 2023"]
[Site "Belgrade"]
[Date "2023.02.02"]
[Round "4.30"]
[White "Sadam Ali Sheikh"]
[Black "Osorio, Jesus Camilo"]
[Result "0-1"]
[ECO "D02"]
[WhiteElo "1578"]
[BlackElo "1859"]
[Annotator "NA RC COMBH"]
[PlyCount "78"]
[EventDate "2023.01.30"]
[EventType "team-tourn"]
[EventCountry "SRB"]
[SourceTitle "playchess.com"]
[Source "ChessBase"]
[SourceQuality "1"]
[WhiteTeam "Kenya"]
[BlackTeam "Panama"]
[WhiteTeamCountry "KEN"]
[BlackTeamCountry "PAN"]
[TimeControl "40/5400+30:1800+30"]

1. d4 d5 2. Bf4 Nf6 3. Nf3 Bf5 4. e3 e6 5. Bd3 Bxd3 6. cxd3 Be7 7. Qb3 Qc8 8. Nc3 Nh5 9. Be5 Nd7 (9... f6 $5 10. Bg3 g5 $14) 10. h3 Nxe5 11. dxe5 g6 12. g4 Ng7 13. Nd4 (13. d4 $11) 13... c6 14. f4 Bc5 15. Rc1 Bxd4 16. exd4 O-O 17. Kd2 f6 18. Rhf1 fxe5 19. fxe5 Qd7 20. Qd1 Rxf1 21. Qxf1 Rf8 22. Qe2 Qe7 23. Qe3 Qb4 24. Kc2 c5 25. Ne2 (25. dxc5 $2 {loses.} d4 26. a3 Qxc5 $19 {[%mdl 64] Pin}) 25... Rc8 26. Kb1 c4 27. a3 Qb3 28. Rc3 (28. Nc3 $14) 28... Qd1+ 29. Rc1 Qb3 30. Rc3 Qd1+ 31. Ka2 b5 32. Nc1 a5 $15 33. dxc4 dxc4 34. Nd3 b4 35. Nf2 b3+ 36. Rxb3 cxb3+ 37. Qxb3 Qxd4 38. Qb5 Qxf2 39. Qxa5 Qc5 0-1

[Event "1st FIDE Olympiad DIS 2023"]
[Site "Belgrade"]
[Date "2023.02.03"]
[Round "5.1"]
[White "Tazbir, Marcin"]
[Black "Soundarya Kumar Pradhan"]
[Result "1-0"]
[ECO "A14"]
[WhiteElo "2507"]
[BlackElo "1881"]
[Annotator "TA"]
[PlyCount "71"]
[EventDate "2023.01.30"]
[EventType "team-tourn"]
[EventCountry "SRB"]
[SourceTitle "playchess.com"]
[Source "ChessBase"]
[SourceQuality "1"]
[WhiteTeam "Poland"]
[BlackTeam "India"]
[WhiteTeamCountry "POL"]
[BlackTeamCountry "IND"]
[TimeControl "40/5400+30:1800+30"]

1. c4 Nf6 2. g3 e6 3. Bg2 d5 4. Nf3 Be7 5. O-O O-O 6. b3 Nbd7 7. Bb2 c6 8. Qc2 b5 {[%emt 0:05:15] A14: English Opening: 1...e6 with b3 by White.} 9. d3 a5 {[%emt 0:09:52] [#]} 10. e4 $146 ({Predecessor:} 10. Nbd2 a4 11. Rac1 Bb7 12. Rfd1 axb3 13. axb3 c5 14. e4 bxc4 15. bxc4 d4 16. Ra1 Qc7 17. Rxa8 Rxa8 18. Ra1 {½-½ Sale,S (2430)-Plenca,J (2413) CRO Cup Mali Losinj 2018 (4.14)}) 10... Ba6 {[%emt 0:11:30] The position is equal.} 11. e5 Ne8 12. Nbd2 Nc7 13. Rac1 (13. Nd4 $5 Bb7 14. f4 $11) 13... Bb7 14. Rfe1 Nc5 (14... a4 $11) 15. Bf1 ({Better is} 15. d4 $14 Nd7 16. c5) 15... a4 (15... N5a6 $11) 16. b4 $1 $14 N5a6 17. a3 bxc4 18. dxc4 (18. Qxa4 $2 {perishes.} Nxb4 19. Qd1 Nxd3 20. Bxd3 cxd3 $19) 18... dxc4 19. Bxc4 {[%emt 0:05:23] White now steadily converts the win.} ({Much weaker is} 19. Nxc4 $6 c5 20. Red1 Qb8 $11) 19... Nd5 (19... c5 $16) 20. Ne4 $18 ({Don't do} 20. Qxa4 $6 c5 $14) 20... Nac7 (20... c5 $142) 21. Nd4 Qd7 22. Bf1 Rfc8 23. Nxc6 Na6 {[%emt 0:00:39][%cal Rc8c6] Black is weak on the dark squares} 24. Nxe7+ Nxe7 25. Qd2 Bd5 (25... Qxd2 {was worth a try.} 26. Nxd2 Rxc1 27. Rxc1 Rc8 28. Rxc8+ Nxc8) 26. Rxc8+ Nxc8 {[%emt 0:00:24] [#]} (26... Qxc8 $142 27. Nd6 Qb8) 27. Nf6+ $1 gxf6 (27... Kh8 28. Nxd7) 28. exf6 Kf8 29. Qg5 {[%emt 0:00:20] Threatening mate with Qg7+.} Qb7 30. Qg7+ Ke8 31. Qg8+ {[%emt 0:00:12][%mdl 64] [#] Deflection} Kd7 32. Qxf7+ Kd6 33. Be5+ {[%emt 0:00:31][%cal Bb2e5,Be5d4,Bd4c5][%mdl 32] White mates.} Kc6 34. Rc1+ Kb6 35. Bd4+ {[%emt 0:00:06] This pair of bishops is nice.} Nc5 36. Bxc5+ {[%emt 0:00:22] Magnificent play by Tazbir!   Weighted Error Value: White=0.10 (very precise) /Black=1.02} 1-0

[Event "1st FIDE Olympiad DIS 2023"]
[Site "Belgrade"]
[Date "2023.02.03"]
[Round "5.1"]
[White "Orsag, Milan"]
[Black "Bjelanovic, Mile"]
[Result "1-0"]
[ECO "E95"]
[WhiteElo "2308"]
[BlackElo "2021"]
[Annotator "TA"]
[PlyCount "73"]
[EventDate "2023.01.30"]
[EventType "team-tourn"]
[EventCountry "SRB"]
[SourceTitle "playchess.com"]
[Source "ChessBase"]
[SourceQuality "1"]
[WhiteTeam "Czech Republic"]
[BlackTeam "Serbia"]
[WhiteTeamCountry "CZE"]
[BlackTeamCountry "SRB"]
[TimeControl "40/5400+30:1800+30"]

1. d4 Nf6 2. c4 d6 3. Nf3 Nbd7 4. Nc3 e5 5. e4 g6 6. Be2 Bg7 7. O-O O-O 8. Re1 Re8 9. Bf1 exd4 10. Nxd4 Nc5 11. f3 a5 {[%emt 0:03:40] 11...c6 is the hot move.} 12. Be3 Qe7 {[%emt 0:11:15] E95: King's Indian: Classical: 7...Nbd7 8 Re1.} (12... b6 $14) 13. Qd2 {[%emt 0:12:02] [#]} Ne6 $146 ({Predecessor:} 13... Bd7 14. Rad1 Red8 15. Bg5 c6 16. Nb3 Nxb3 17. axb3 Be8 18. Na4 Qc7 19. Qf2 h6 20. Bf4 {½-½ Santos,A (2263)-Aguiar,H (2107) POR-chT Porto 2013 (6.1)}) 14. Ndb5 {[%emt 0:12:30] White is more active.} Bf8 (14... Bd7 $16) 15. Rad1 $18 Qd7 (15... Bd7 {might work better.} 16. c5 Bxb5 17. Bxb5 Rec8) 16. g3 Rd8 17. Nd5 Ne8 (17... Nxd5 $16 {keeps fighting.} 18. cxd5 Ng7) 18. Nbc3 Bg7 19. Bh6 (19. f4 $18) 19... Bd4+ {[%emt 0:01:41] [#]} (19... Bxh6 $16 20. Qxh6 f6) 20. Kh1 $1 {[%emt 0:00:39] Bh3 would be deadly.} c6 {[%emt 0:00:15] [#]} 21. Bh3 $1 b6 $2 (21... Bxc3 22. Qxc3 (22. Nxc3 b6 $18) 22... cxd5) (21... cxd5 22. exd5) 22. Qxd4 (22. Bxe6 fxe6 23. Qxd4 cxd5 24. exd5 e5 25. Qxb6 Qh3 $18) 22... Nxd4 23. Bxd7 cxd5 {[%emt 0:02:22] Black is weak on the dark squares} (23... Rxd7 {was necessary.} 24. Nxb6 Nxf3 25. Nxa8 Rb7) 24. Bxe8 {[%emt 0:01:10] White is clearly winning.} ({Weaker is} 24. cxd5 Nxf3 25. Bc6 Nxe1 $14) 24... Nxf3 25. Bc6 Ra7 26. Rf1 dxe4 27. Nxe4 Ne5 28. Bd5 Bb7 29. b3 Bxd5 30. Rxd5 f5 31. Bg5 Rf8 32. Nxd6 Ng4 33. h3 Nf6 34. Bxf6 Rxf6 35. Re1 f4 36. Re8+ Kg7 37. Re4 {[%emt 0:00:07] Black did not feel at home in the position after the opening.   Weighted Error Value: White=0.17 (very precise) /Black=0.54} 1-0